Map: Rainfall LE

Players

Lambo

  • Race: Zerg Zerg
  • Spawn Location: 5:00

SKillous - Winner!

  • Race: Protoss Protoss
  • League: Grandmaster
  • Spawn Location: 11:00

Event: HomeStory Cup XXIX

VOD

Have the link to the VOD?

Description

Time

  • Played on: July 4, 2026, 3:43 p.m.
  • Length: 15:50

All games in this series

Show
View Real Time Build Order
Export as new Build Order

Lambo Zerg 

Build Orders: Hatch First, Brood Lord Corruptor 

Get SALT Encoding   

  8  0:00  Drone  
  9  0:11  Drone  
  10  0:16  Drone  
  11  0:21  Drone  
  12  0:32  Overlord  
  12  0:39  Extractor  
  12  0:40  Drone  
  13  0:51  Drone x2  
  15  1:01  Drone  
  16  1:15  Hatchery  
  16  1:18  Drone  
  16  1:21  Drone  
  17  1:31  Drone  
  18  1:35  Extractor  
  17  1:40  Spawning Pool  
  17  1:44  Drone  
  17  1:50  Drone  
  18  2:00  Drone  
  19  2:11  Overlord  
  19  2:24  Drone  
  19  2:26  Queen x2  
  24  2:30  Drone  
  24  2:32  Zergling x2  
  26  2:38  Metabolic Boost  
  26  2:41  Drone  
  27  2:45  Zergling x2  
  27  2:48  Drone  
  29  2:53  Drone  
  30  2:59  Drone  
  30  3:00  Overlord  
  31  3:13  Hatchery  
  31  3:19  Zergling x2  
  32  3:20  Drone x2  
  32  3:24  Zergling x2  
  32  3:26  Zergling x2  
  35  3:31  Overlord  
  35  3:36  Zergling x2  
  35  3:39  Drone x3  
  35  3:40  Drone  
  40  3:47  Evolution Chamber  
  36  3:56  Drone x4  
  36  4:00  Drone  
  40  4:03  Queen  
  40  4:07  Drone  
  40  4:08  Drone x2  
  40  4:09  Drone  
  46  4:14  Overlord  
  46  4:17  Drone x2  
  46  4:21  Spore Crawler  
  46  4:24  Drone  
  48  4:30  Overlord  
  48  4:32  Drone x2  
  48  4:35  Drone, Spore Crawler  
  48  4:38  Drone  
  50  4:45  Zergling x4  
  50  4:46  Zergling x2  
  50  4:47  Drone x3  
  50  4:51  Queen  
  56  4:53  Zergling x2  
  56  4:54  Drone  
  56  4:56  Drone  
  59  5:03  Overlord, Roach Warren  
  59  5:05  Extractor  
  59  5:06  Drone x2  
  59  5:13  Overlord  
  59  5:18  Extractor, Drone  
  59  5:20  Queen  
  61  5:22  Drone x2  
  61  5:23  Drone x3  
  61  5:27  Overlord, Drone  
  67  5:31  Lair  
  67  5:32  Drone  
  67  5:35  Drone x3  
  71  5:41  Zergling x4  
  71  5:42  Zergling x2  
  74  5:44  Overlord  
  74  5:49  Roach x3  
  80  5:53  Overlord  
  80  5:54  Roach, Overlord  
  82  5:57  Overlord  
  82  6:00  Overlord  
  82  6:06  Roach  
  82  6:10  Roach x2, Ravager x2  
  82  6:11  Ravager  
  91  6:14  Zergling x8  
  91  6:16  Zergling x4  
  91  6:17  Zergling x2  
  97  6:21  Drone x2  
  97  6:25  Drone  
  98  6:27  Evolution Chamber  
  98  6:31  Drone x2  
  98  6:35  Drone  
  98  6:37  Hatchery  
  100  6:40  Drone x2  
  100  6:44  Extractor  
  100  6:46  Drone x7  
  106  6:51  Extractor x2, Drone  
  106  6:52  Spore Crawler  
  106  6:53  Ravager x2  
  106  6:55  Glial Reconstitution  
  106  6:56  Zerg Melee Weapons Level 1  
  106  6:57  Drone x4  
  110  7:02  Drone x2  
  110  7:05  Drone  
  113  7:13  Zergling x10  
  113  7:14  Baneling Nest  
  117  7:22  Overlord  
  117  7:24  Roach x3  
  117  7:29  Overlord  
  123  7:34  Ravager  
  123  7:35  Overlord  
  123  7:36  Overlord  
  124  7:41  Hatchery, Roach x4  
  131  7:44  Drone, Infestation Pit  
  131  7:49  Drone x7  
  137  7:53  Drone x4  
  137  7:57  Drone x3  
  141  7:58  Centrifugal Hooks  
  141  8:02  Drone  
  141  8:03  Ravager  
  143  8:10  Zergling x14  
  143  8:12  Roach  
  152  8:15  Spore Crawler  
  152  8:19  Extractor  
  150  8:21  Roach x5  
  150  8:24  Hive  
  160  8:27  Overlord x2  
  160  8:30  Overlord  
  160  8:31  Overlord  
  160  8:37  Baneling x21  
  160  8:44  Overlord  
  160  8:45  Overlord  
  160  8:48  Zergling x22  
  171  8:50  Zerg Melee Weapons Level 2  
  171  8:53  Zergling x8  
  174  8:58  Zergling x12  
  180  9:03  Overlord  
  180  9:08  Zergling x14  
  186  9:11  Drone x2  
  186  9:14  Zergling x6  
  186  9:15  Spire  
  186  9:16  Zergling x8  
  194  9:18  Baneling x4  
  194  9:19  Zergling x2  
  194  9:23  Zergling x6  
  198  9:24  Zergling x2  
  199  9:31  Extractor  
  199  9:32  Zergling x12  
  199  9:36  Zergling x4  
  193  9:41  Zergling x10  
  193  9:44  Zergling x2  
  193  9:45  Zergling x8  
  196  9:46  Zergling x8  
  196  9:51  Zergling x2  
  196  9:52  Zergling x2  
  191  9:55  Zergling x6  
  191  9:58  Zergling x6  
  191  9:59  Baneling x9  
  191  10:00  Baneling x6  
  191  10:04  Zergling x8  
  189  10:07  Zergling x2  
  189  10:09  Baneling x5  
  189  10:12  Zergling x12  
  180  10:14  Zergling x6  
  180  10:16  Zergling x4  
  180  10:19  Baneling  
  180  10:20  Baneling x9  
  185  10:22  Greater Spire, Zergling x2  
  185  10:23  Zergling x2  
  185  10:25  Baneling x9  
  185  10:26  Zergling x6  
  189  10:29  Zergling x2  
  189  10:30  Zergling x4  
  189  10:34  Zergling x6  
  175  10:37  Drone x2  
  175  10:41  Zergling x2  
  175  10:42  Zergling x4  
  174  10:43  Baneling  
  174  10:44  Baneling x5  
  174  10:49  Zergling x14  
  177  10:51  Zergling x2  
  177  10:54  Drone  
  177  10:55  Drone x2  
  180  10:59  Zergling x8  
  180  11:02  Zergling x4  
  184  11:06  Zergling x4  
  184  11:08  Baneling x7  
  184  11:09  Baneling x8  
  184  11:10  Zergling x6  
  189  11:12  Zerg Melee Weapons Level 3  
  189  11:14  Adrenal Glands  
  189  11:16  Zergling x12  
  195  11:19  Zergling x2  
  195  11:22  Zergling x4  
  195  11:24  Baneling x4  
  197  11:28  Spine Crawler  
  197  11:30  Zergling x10  
  198  11:35  Zergling x8  
  198  11:38  Zergling x8  
  179  11:41  Zergling x2  
  179  11:45  Roach x9  
  167  11:52  Baneling x4  
  167  11:53  Corruptor x2  
  167  11:54  Corruptor x2  
  166  11:57  Corruptor  
  166  12:00  Corruptor  
  176  12:02  Corruptor  
  176  12:07  Corruptor x2  
  182  12:14  Extractor  
  181  12:17  Extractor  
  181  12:22  Drone  
  181  12:23  Drone x2  
  181  12:26  Spine Crawler  
  180  12:32  Corruptor  
  180  12:36  Brood Lord x3  
  184  12:41  Brood Lord x2  
  188  12:48  Zerg Flyer Weapons Level 1  
  188  12:49  Spine Crawler  
  187  12:55  Brood Lord  
  187  12:57  Brood Lord  
  191  13:03  Brood Lord  
  191  13:04  Zergling x14  
  199  13:10  Zergling x18  
  197  13:16  Brood Lord  
  195  13:22  Zergling x18  
  194  13:33  Zergling x14  
  195  13:42  Zergling x2  
  195  13:44  Zergling x8  
  189  13:59  Zergling x26  
  185  14:03  Infestor x4  
  185  14:06  Baneling x15  
  185  14:09  Zergling x4  
  195  14:10  Baneling x4  
  195  14:21  Zergling x14  
  172  14:24  Queen x2  
  172  14:27  Zergling x6  
  172  14:30  Baneling x7  
  172  14:31  Ravager x3  
  176  14:32  Zergling x4  
  176  14:36  Zergling x6  
  183  14:39  Zergling x2  
  183  14:41  Queen  
  186  14:48  Spine Crawler  
  186  14:51  Zergling x12  
  184  14:57  Zergling x6  
  184  15:02  Zergling x2  
  169  15:10  Roach x4  
  133  15:14  Roach x2  
  133  15:16  Zergling x2  
  133  15:20  Roach  
  114  15:24  Roach x2  
  114  15:27  Roach  
Show
View Real Time Build Order
Export as new Build Order

SKillous Protoss - Winner!

Build Orders: Oracle Opening 

Get SALT Encoding   

  8  0:00  Probe (Chrono Boost)  
  9  0:12  Probe (Chrono Boost)  
  10  0:17  Probe (Chrono Boost)  
  11  0:28  Probe  
  12  0:33  Pylon  
  12  0:40  Probe  
  13  0:52  Probe (Chrono Boost)  
  14  1:01  Gateway  
  15  1:04  Probe (Chrono Boost)  
  15  1:13  Probe (Chrono Boost)  
  16  1:18  Probe  
  17  1:30  Probe  
  18  1:42  Nexus  
  18  1:47  Assimilator  
  18  1:57  Cybernetics Core  
  18  2:00  Probe  
  19  2:05  Assimilator  
  19  2:12  Probe  
  19  2:15  Pylon  
  20  2:24  Probe  
  21  2:30  Adept (Chrono Boost)  
  21  2:36  Probe  
  24  2:48  Probe  
  25  2:53  Stargate  
  25  2:54  Adept (Chrono Boost)  
  25  2:55  Probe  
  28  3:01  Probe (Chrono Boost)  
  28  3:07  Probe (Chrono Boost)  
  28  3:10  Warp Gate  
  29  3:19  Probe x2 (Chrono Boost)  
  31  3:20  Adept  
  31  3:24  Probe (Chrono Boost)  
  31  3:25  Probe (Chrono Boost)  
  35  3:29  Pylon  
  35  3:35  Probe  
  35  3:37  Probe  
  35  3:40  Oracle (Chrono Boost)  
  40  3:47  Probe  
  41  3:53  Probe  
  42  3:58  Stalker  
  42  4:01  Probe  
  41  4:05  Probe  
  41  4:06  Gateway  
  42  4:11  Pylon  
  42  4:13  Probe  
  42  4:15  Oracle (Chrono Boost)  
  46  4:17  Probe  
  47  4:25  Probe  
  47  4:29  Probe  
  49  4:35  Nexus  
  49  4:37  Probe  
  49  4:41  Probe  
  49  4:42  Assimilator  
  49  4:45  Assimilator  
  50  4:50  Probe  
  53  4:52  Sentry  
  53  4:53  Probe, Sentry  
  53  4:58  Pylon  
  56  5:03  Gateway  
  56  5:05  Gateway  
  56  5:06  Probe  
  58  5:07  Probe  
  58  5:15  Pylon  
  58  5:16  Sentry  
  58  5:18  Probe  
  58  5:20  Sentry, Probe  
  64  5:30  Probe (Chrono Boost)  
  64  5:33  Probe (Chrono Boost)  
  66  5:36  Adept x2  
  66  5:41  Shield Battery  
  66  5:42  Probe (Chrono Boost)  
  71  5:43  Forge  
  71  5:45  Probe (Chrono Boost)  
  73  5:51  Probe (Chrono Boost)  
  73  5:52  Probe x2 (Chrono Boost)  
  73  5:54  Stalker x2  
  79  5:58  Probe  
  79  6:00  Probe x2  
  82  6:07  Pylon  
  82  6:09  Pylon  
  82  6:10  Probe  
  82  6:11  Pylon  
  83  6:13  Probe x2  
  83  6:17  Twilight Council  
  85  6:22  Probe  
  85  6:25  Probe x2  
  86  6:28  Protoss Ground Weapons Level 1 (Chrono Boost), Assimilator  
  86  6:30  Assimilator  
  86  6:31  Pylon  
  86  6:34  Probe  
  86  6:36  Pylon  
  86  6:37  Probe  
  86  6:38  Robotics Facility  
  88  6:41  Stalker x2  
  88  6:45  Stalker  
  88  6:46  Stalker  
  96  6:48  Probe x2  
  98  6:56  Blink (Chrono Boost)  
  98  6:58  Probe  
  98  6:59  Pylon  
  99  7:03  Stalker, Templar Archives  
  99  7:07  Shield Battery  
  101  7:10  Photon Cannon  
  101  7:16  Zealot  
  101  7:17  Zealot x2  
  107  7:23  Gateway  
  107  7:24  Gateway  
  107  7:25  Photon Cannon  
  107  7:28  Zealot  
  109  7:33  Zealot, Pylon  
  109  7:35  Pylon  
  111  7:37  Zealot  
  111  7:39  Zealot  
  115  7:44  Psionic Storm  
  115  7:46  High Templar  
  115  7:49  High Templar  
  119  7:53  High Templar  
  119  7:56  High Templar  
  123  8:00  Pylon  
  123  8:03  Immortal (Chrono Boost)  
  123  8:05  Pylon, Gateway  
  123  8:07  Gateway  
  123  8:08  Robotics Facility  
  123  8:10  Pylon  
  127  8:16  High Templar  
  127  8:17  High Templar, Protoss Ground Armor Level 1 (Chrono Boost), Zealot  
  127  8:18  Zealot x2  
  137  8:23  Forge  
  137  8:32  Immortal (Chrono Boost)  
  137  8:33  Zealot  
  137  8:34  Zealot  
  145  8:35  Zealot  
  147  8:52  Charge  
  147  8:54  Probe  
  148  8:56  Nexus  
  148  8:58  Pylon  
  148  9:02  High Templar x2  
  152  9:04  Immortal  
  156  9:13  Protoss Ground Weapons Level 2 (Chrono Boost)  
  156  9:15  Pylon  
  156  9:16  Immortal, Pylon  
  160  9:19  Photon Cannon  
  160  9:21  Photon Cannon  
  152  9:41  High Templar x2  
  152  9:42  Zealot x2  
  152  9:46  Stalker x3  
  147  10:00  Immortal  
  147  10:04  Immortal  
  153  10:08  Protoss Ground Armor Level 2 (Chrono Boost)  
  151  10:22  Nexus  
  151  10:23  Shield Battery  
  137  10:39  Zealot x8, Immortal  
  156  10:43  Immortal  
  156  10:44  Probe  
  159  10:55  Zealot x7  
  159  10:56  Probe  
  174  11:05  Probe  
  174  11:06  Nexus, Shield Battery  
  174  11:07  Photon Cannon  
  174  11:10  Pylon  
  173  11:11  High Templar x4  
  173  11:12  High Templar  
  183  11:20  Assimilator  
  183  11:22  Pylon  
  183  11:23  Assimilator  
  183  11:24  Pylon  
  181  11:29  Immortal  
  181  11:30  Shield Battery  
  181  11:31  Shield Battery  
  177  11:32  Pylon  
  177  11:39  Archon  
  155  11:40  Immortal  
  147  11:59  High Templar  
  147  12:00  Zealot x6  
  161  12:05  Protoss Ground Weapons Level 3 (Chrono Boost)  
  161  12:08  Immortal  
  165  12:15  Protoss Ground Armor Level 3 (Chrono Boost)  
  165  12:19  Immortal  
  169  12:24  Zealot x3  
  169  12:25  Zealot x3  
  173  12:38  High Templar x2  
  173  12:42  Pylon  
  177  12:46  Zealot  
  177  12:47  Zealot x5  
  193  12:57  Archon  
  197  13:11  Zealot  
  197  13:21  Stalker x5  
  163  13:41  Stalker  
  163  13:42  Stalker x2  
  163  13:44  Stalker x5  
  163  13:46  Fleet Beacon  
  171  13:50  Stargate  
  171  13:53  Stargate  
  157  14:04  Stalker x3  
  157  14:06  Stalker x5  
  151  14:29  High Templar x2  
  151  14:30  High Templar x3  
  159  14:32  High Templar, Zealot x2  
  159  14:33  Probe x3  
  159  14:34  Probe  
  159  14:36  Photon Cannon, Archon x2  
  159  14:37  Photon Cannon  
  169  14:38  Photon Cannon  
  169  14:40  Archon  
  167  15:01  Zealot x2  
  167  15:06  Zealot  
  130  15:14  Zealot x5  
  120  15:27  Nexus  
  114  15:29  Zealot x3  
  114  15:34  Pylon  
Tags
 
Add a new tag
Caveats
  • Supply blocks, unpowered buildings, or Contaminate may cause inaccurate times.
  • Supply counts are checked every 10 seconds.